 Dungeon Crawl Stone Soup version 0.21.1-1-g345015f (webtiles) character file.

92 Supreme the Magician (level 4, -9/24 HPs)
             Began as a Deep Elf Wizard on Apr 25, 2018.
             Killed from afar by an orc wizard (10 damage)
             ... with a puff of flame
             ... on level 2 of the Dungeon.
             The game lasted 00:15:37 (2016 turns).

Supreme the Magician (Deep Elf Wizard)              Turns: 2016, Time: 00:15:38

Health: -9/24      AC:  2    Str:  4    XL:     4   Next: 35%
Magic:  0/14       EV: 13    Int: 24    God:
Gold:   66         SH:  0    Dex: 13    Spells: 2/15 levels left

rFire    . . .     SeeInvis .   q - +0 dagger
rCold    . . .     Gourm    .   (no shield)
rNeg     . . .     Faith    .   a - +0 robe
rPois    .         Spirit   .   b - +0 hat
rElec    .         Reflect  .   (no cloak)
rCorr    .         Harm     .   (no gloves)
MR       .....                  (no boots)
Stlth    ++........             (no amulet)
HPRegen  0.08/turn              (no ring)
MPRegen  0.14/turn              (no ring)

@: no status effects
A: no striking features
a: no special abilities


You were on level 2 of the Dungeon.
You were not hungry.

You visited 1 branch of the dungeon, and saw 3 of its levels.

You collected 66 gold pieces.

Inventory:

Hand Weapons
 q - a +0 dagger (weapon)
Missiles
 h - 30 stones (quivered)
 r - 14 arrows
Armour
 a - a +0 robe (worn)
 b - a +0 hat (worn)
 l - a +0 shield
Jewellery
 f - an uncursed amulet of faith
Scrolls
 i - 3 scrolls of remove curse {unknown}
 k - a scroll of fear {unknown}
 m - a scroll of teleportation {unknown}
 o - 5 scrolls of identify {unknown}
Potions
 e - 4 potions of curing {unknown}
 j - a potion of resistance {unknown}
 n - a potion of lignification {unknown}
 p - a potion of degeneration {unknown}
Books
 c - a book of Minor Magic

   Spells                             Type                      Level
   a - Magic Dart                     Conjuration                  1
   b - Blink                          Translocation                2
   c - Call Imp                       Summoning                    2
   d - Slow                           Hexes                        2
   e - Conjure Flame                  Conjuration/Fire             3
   f - Mephitic Cloud                 Conjuration/Poison/Air       3
Comestibles
 d - 2 rations


   Skills:
 + Level 0.1 Fighting
 + Level 0.1 Short Blades
 + Level 2.5 Dodging
 + Level 2.6 Stealth
 + Level 6.2 Spellcasting
 + Level 2.3 Conjurations
 + Level 1.4 Summonings
 + Level 1.1 Translocations


You had 2 spell levels left.
You knew the following spells:

 Your Spells              Type           Power        Failure   Level  Hunger
a - Magic Dart            Conj           ###.         3%          1    None
b - Blink                 Tloc           N/A          8%          2    None
c - Call Imp              Summ           ##......     6%          2    None
d - Slow                  Hex            #.......     12%         2    None
e - Conjure Flame         Conj/Fire      ##......     14%         3    None
f - Mephitic Cloud        Conj/Pois/Air  ##......     17%         3    None


Dungeon Overview and Level Annotations

Branches:
Dungeon (3/15)

Altars:

Annotations:
D:2 Sigmund


Message History

You closely miss the orc wizard.
The orc wizard is moderately wounded.
The orc wizard hits you but does no damage.
Casting: Magic Dart
Confirm with . or Enter, or press ? or * to list all spells.
You don't have enough magic to cast that spell.
The orc wizard hits you with a dagger.
* * * LOW HITPOINT WARNING * * *
The orc wizard begins to cast a cantrip, but forgets the words!
Casting: Magic Dart
Confirm with . or Enter, or press ? or * to list all spells.
Aiming: Magic Dart
Press: ? - help, Shift-Dir - straight line, f/p - orc wizard
Aim: an orc wizard, wielding a dagger and wearing a robe (moderately wounded, fast)
The magic dart hits the orc wizard.
The orc wizard is heavily wounded.
The orc wizard misses you. The orc wizard casts a spell at you.
The puff of flame hits you!
You die...

......# #.###.#.##..#
......####.# #.#.##..#
...........# #.#.##..######
#.########## #.#.##.......##
...........# #.#.##..####..#
#.########.###.#...).......#
#................#.#''#.#..#
...#######.###.#...#..#....#
...#######.....#@########..#
............####o'....#.'..#
............# #.r'....#.'..#
..#############..########..#
..'................#..#...##
..##......######.#.#''#.#.#
..........# #............#
..........# #.###.#..#####
##....##### #.# #.#.##


You could see an orc wizard and a rat.

Vanquished Creatures
  An adder (D:2)
  An ooze (D:2)
  3 worms
  A dart slug (D:1)
  A leopard gecko (D:1)
  2 orcs (D:3)
  4 bats
  4 giant cockroaches
  6 goblins
  5 hobgoblins
  8 kobolds
  2 quokkas (D:2)
  2 frilled lizards (D:2)
  8 rats
48 creatures vanquished.

Vanquished Creatures (collateral kills)
  2 adders (D:2)
  A giant cockroach (D:2)
  A hobgoblin (D:2)
  2 kobolds (D:2)
  A bat (D:2)
  A frilled lizard (D:2)
8 creatures vanquished.

Grand Total: 56 creatures vanquished

Notes
Turn   | Place    | Note
-------+----------+-------------------------------------------
     0 | D:1      | Supreme the Deep Elf Wizard began the quest for the Orb.
     0 | D:1      | Reached XP level 1. HP: 10/10 MP: 7/7
   152 | D:1      | Reached skill level 5 in Spellcasting
   152 | D:1      | Reached XP level 2. HP: 15/15 MP: 7/10
   156 | D:1      | Learned a level 2 spell: Blink
   159 | D:1      | Learned a level 2 spell: Call Imp
   164 | D:1      | Learned a level 2 spell: Slow
   391 | D:1      | You fall through a shaft!
   461 | D:2      | Reached XP level 3. HP: 12/19 MP: 7/12
   704 | D:2      | Reached skill level 6 in Spellcasting
   951 | D:2      | Noticed Sigmund
  1304 | D:2      | Reached XP level 4. HP: 24/24 MP: 3/14
  1313 | D:2      | Learned a level 3 spell: Conjure Flame
  1317 | D:2      | Learned a level 3 spell: Mephitic Cloud
  2013 | D:2      | HP: 1/24 [orc wizard/dagger (2)]
  2016 | D:2      | Killed from afar by an orc wizard

Skill      XL: |  1  2  3 |
---------------+----------+-----
Spellcasting   | 5 6 |  6.2
Conjurations   | 2 |  2.3
Fighting       | |  0.1
Short Blades   | |  0.1
Dodging        | |  2.5
Stealth        | |  2.6
Summonings     | |  1.4
Translocations | |  1.1

Action                   |  1- 3 |  4- 6 || total
-------------------------+-------+-------++-------
Melee: Dagger            |     1 |     4 ||     5
 Cast: Magic Dart        |    84 |    47 ||   131
       Call Imp          |     6 |       ||     6
       Blink             |       |     1 ||     1
 Stab: Sleeping          |     1 |       ||     1
  Eat: Chunk             |     1 |     2 ||     3
Armor: Robe              |     1 |     3 ||     4
Dodge: Dodged            |    14 |    10 ||    24
